 Dungeon Crawl Stone Soup version 0.17.0-28-g6e173f8 (webtiles) character file.

122 coffecat the Grave Robber (level 4, 0/30 HPs)
             Began as a Vampire Necromancer on Nov 26, 2015.
             Slain by Ijyb (1 damage)
             ... on level 2 of the Dungeon.
             The game lasted 00:13:16 (2324 turns).

coffecat the Grave Robber (Vampire Necromancer)     Turns: 2324, Time: 00:13:16

Health: 0/30       AC:  3    Str:  7    XL:     4   Next: 78%
Magic:  4/8        EV: 12    Int: 17    God:
Gold:   73         SH:  0    Dex: 15    Spells: 2 memorised, 4 levels left

rFire  . . .     SeeInvis +     h - +0 short sword
rCold  . . .     Clarity  .     e - +0 leather armour
rNeg   + . .     SustAt   .     (no shield)
rPois  .         Gourm    .     (no helmet)
rElec  .         Spirit   .     (no cloak)
rCorr  .         Warding  .     (no gloves)
rMut   .         Stasis   .     (no boots)
MR     .....                    (no amulet)
Stlth  ++........               (no ring)
                                (no ring)

@: not resistant to hostile enchantments, unstealthy
A: fangs 3, see invisible, unbreathing
a: Bat Form


You were on level 2 of the Dungeon.
You were not thirsty.

You visited 1 branch of the dungeon, and saw 3 of its levels.

You collected 73 gold pieces.

Inventory:

Hand Weapons
 h - a +0 short sword (weapon)
Missiles
 d - 11 poisoned needles
 m - 8 needles of slowing
Armour
 a - a +0 robe
 e - a +0 leather armour (worn)
Jewellery
 i - an uncursed amulet of resist corrosion {unknown}
Scrolls
 f - a scroll of amnesia {unknown}
 g - 5 scrolls of identify {unknown}
 j - 3 scrolls of random uselessness {unknown}
 l - a scroll of immolation {unknown}
Potions
 c - 2 potions of blood
 k - a potion of flight {unknown}
 n - a potion of mutation {unknown}
Books
 b - a book of Necromancy

   Spells                             Type                      Level
   a - Pain                           Necromancy                   1
   b - Animate Skeleton               Necromancy                   1
   c - Vampiric Draining              Necromancy                   3
   d - Regeneration                   Charms/Necromancy            3
   e - Animate Dead                   Necromancy                   4
   f - Control Undead                 Necromancy                   4


   Skills:
 + Level 0.7 Armour
 + Level 2.9 Dodging
 + Level 3.4 Stealth
 + Level 3.1 Spellcasting
 + Level 5.4 Necromancy


You had 4 spell levels left.
You knew the following spells:

 Your Spells              Type           Power        Failure   Level  Hunger
a - Pain                  Necr           ###.         2%          1    None
b - Animate Dead          Necr           N/A          30%         4    ####...


Dungeon Overview and Level Annotations

Branches:
Dungeon (3/15)

Altars:

Annotations:
D:2 Ijyb
D:3 Sigmund


Innate Abilities, Weirdness & Mutations

You have razor-sharp teeth.
You have supernaturally acute eyesight.
You can survive without breathing.


Message History

You barely miss Ijyb.
Ijyb is moderately wounded.
Ijyb misses you.
You hit Ijyb. Your bite misses Ijyb.
Ijyb is heavily wounded.
Ijyb hits you but does no damage.
You closely miss Ijyb.
Ijyb is heavily wounded.
Ijyb barely misses you.
You barely miss Ijyb.
Ijyb is heavily wounded.
Ijyb hits you.
* * * LOW HITPOINT WARNING * * *
You hit Ijyb but do no damage.
Ijyb is heavily wounded.
Ijyb closely misses you.
You hit Ijyb but do no damage.
Ijyb is heavily wounded.
Ijyb hits you.
You die...

#.# #.# #.# # ##
######.#### .##...
#.........##....#.
#########....# ..
#...## .#
#########.#####.#
#@g.....)..†....#
#########.#####...
#.# .#. #.# .. #.#
### #.# #.# #.#
#.#


You could see Ijyb.

Vanquished Creatures
  An orc priest (D:3)
  Jessica (D:2)
  3 adders (D:2)
  A giant gecko (D:1)
  3 orcs (D:3)
  2 ball pythons
  A giant cockroach (D:2)
  4 goblins
  2 hobgoblins
  2 jackals (D:1)
  A quokka (D:3)
  7 bats
  A giant newt (D:2)
  5 kobolds
  4 rats
38 creatures vanquished.

Notes
Turn   | Place    | Note
--------------------------------------------------------------
     0 | D:1      | coffecat the Vampire Necromancer began the quest for the Orb.
     0 | D:1      | Reached XP level 1. HP: 13/13 MP: 3/3
   539 | D:1      | Reached XP level 2. HP: 19/19 MP: 3/5
  1000 | D:2      | Noticed Jessica
  1010 | D:2      | Killed Jessica
  1010 | D:2      | Reached skill level 5 in Necromancy
  1010 | D:2      | Reached XP level 3. HP: 20/24 MP: 1/6
  1317 | D:2      | Reached XP level 4. HP: 22/30 MP: 0/8
  1967 | D:3      | Noticed Sigmund
  2116 | D:2      | Learned a level 4 spell: Animate Dead
  2284 | D:2      | Noticed Ijyb
  2319 | D:2      | HP: 1/30 [Ijyb (2)]
  2324 | D:2      | Slain by Ijyb

Action                   |  1- 3 |  4- 6 || total
-------------------------+-------+-------++-------
Melee: Unarmed           |     3 |       ||     3
       Short sword       |     2 |    27 ||    29
 Cast: Pain              |    44 |    25 ||    69
  Use: Potion            |     1 |     3 ||     4
